 Dungeon Crawl Stone Soup version 0.31.0-12-g77e489cdc1 (webtiles) character file.

Game seed: 13494338060669544816

4668 jagang the Fighter (level 10, -11/83 HPs)
             Began as a Human Monk on Feb 22, 2024.
             Was a Believer of the Shining One.
             Mangled by Menkaure (15 damage)
             ... on level 7 of the Dungeon.
             The game lasted 00:17:15 (5056 turns).

jagang the Fighter (Human Monk)                     Turns: 5056, Time: 00:17:15

Health: -11/83     AC: 20    Str: 15    XL:     10   Next: 44%
Magic:  10/10      EV:  8    Int: 10    God:    the Shining One [**....]
Gold:   236        SH:  7    Dex: 20    Spells: 9/9 levels left

rFire   x . .        A - +11 rapier of Raneasat {protect, rPois Will- Str+3}
rCold   . . .        g - +1 buckler of Card Tricks {rF- Regen+ rCorr Stlth+}
rNeg    + + +        k - +0 chain mail
rPois   +            j - +0 helmet of Faneogyi {rN+}
rElec   .            G - +0 cloak
rCorr   +            I - +0 pair of gloves
SInv    .            (no boots)
Will    .....        (no amulet) Stlth
                     o - ring of positive energy
HPRegen 1.13/turn    p - ring of wizardry
MPRegen 0.12/turn

%: wizardry (x1)
@: under a protective aura, glowing
A: explore regen
a: Renounce Religion, Divine Shield


You were on level 7 of the Dungeon.
You worshipped the Shining One.
The Shining One was pleased with you.
You visited 2 branches of the dungeon, and saw 10 of its levels.

You collected 397 gold pieces.
You spent 161 gold pieces at shops.

Inventory:

Hand Weapons
 a - a +0 falchion
 y - a +4 hand axe of flaming
 A - the +11 rapier of Raneasat (weapon) {protect, rPois Will- Str+3}
   (You found it on level 4 of the Dungeon)

   Str+3:     It affects your strength (+3).
   rPois:     It protects you from poison Will-: It decreases your willpower.
Missiles
 q - 36 poisoned darts
 r - 9 boomerangs
 t - a throwing net
 u - 5 javelins
Armour
 d - an orb of light
 g - the +1 buckler of Card Tricks (worn) {rF- Regen+ rCorr Stlth+}
   (You acquired it on level 5 of the Dungeon)

   rF-:       It makes you vulnerable to fire.
   Regen+:    It increases your rate of health regeneration.
   rCorr:     It protects you from acid and corrosion.
   Stlth+:    It makes you more stealthy.
 j - the +0 helmet of Faneogyi (worn) {rN+}
   (You found it on level 5 of the Dungeon)

   rN+:       It protects you from negative energy.
 k - a +0 chain mail (worn)
 l - a +1 hat
 G - a +0 cloak (worn)
 I - a +0 pair of gloves (worn)
Jewellery
 o - a ring of positive energy (left hand)
 p - a ring of wizardry (right hand)
 L - a ring of fire
Wands
 n - a wand of flame (9) (quivered)
 H - a wand of paralysis (4)
 K - a wand of digging (2)
 N - a wand of iceblast (10)
Scrolls
 e - a scroll of revelation
 f - 3 scrolls of enchant weapon
 h - 5 scrolls of teleportation
 i - 3 scrolls of vulnerability
 s - a scroll of summoning
 v - a scroll of poison
 z - 2 scrolls of amnesia
 D - a scroll of brand weapon
 E - a scroll of fog
 F - a scroll of silence {unknown}
 J - a scroll of immolation
 M - a scroll of identify
Potions
 b - a potion of invisibility {unknown}
 c - 2 potions of ambrosia
 m - a potion of berserk rage {unknown}
 w - a potion of haste {unknown}
 x - a potion of lignification
 B - a potion of brilliance {unknown}
 C - a potion of might {unknown}


   Skills:
 * Level 9.5 Fighting
 + Level 7.0 Long Blades
 + Level 5.7 Throwing
 + Level 5.9 Armour
 - Level 3.0 Dodging
 + Level 5.6 Shields


You had 9 spell levels left.
You didn't know any spells.
Your spell library contained the following spells:

 Spells                   Type           Power      Damage    Failure   Level
 Sting                    Conj/Alch      0%         1d3       89%         1
 Mercury Vapours          Alch/Air       0%         N/A       96%         2
 Mephitic Cloud           Conj/Alch/Air  0%         N/A       99%         3
 Volatile Blastmotes      Fire/Tloc      0%         2d10      99%         3
 Fulminant Prism          Conj/Alch      0%         3d5       100%        4
 Iskenderun's Mystic Bla  Conj/Tloc      0%         2d3       100%        4
 Olgreb's Toxic Radiance  Alch           0%         N/A       100%        4
 Freezing Cloud           Conj/Ice/Air   0%         6-21      100%        5


Dungeon Overview and Level Annotations

Branches:
Dungeon (9/15)             Temple (1/1) D:6            Lair (0/5) D:9
    Orc: D:9-12

Altars:
Ashenzari
Dithmenos
Fedhas
Gozag
Hepliaklqana
Kikubaaqudgha
Makhleb
Nemelex Xobeh
Okawaru
Qazlal
Ru
Sif Muna
Trog
Uskayaw
Vehumet
Xom
Yredelemnul
Zin
The Shining One

Shops:
D:6 *

Annotations:
D:7 Menkaure


Innate Abilities, Weirdness & Mutations

You regain HP and MP as you explore.


Message History

Menkaure casts a spell.
Menkaure seems to speed up.
You puncture the two-headed ogre!
Your weapon exudes an aura of protection.
The two-headed ogre is heavily wounded.
You block the two-headed ogre's attack.
The two-headed ogre hits you with a +0 giant club!
You puncture the two-headed ogre!
The two-headed ogre is severely wounded.
Menkaure calls on the powers of darkness!
The orc convulses!
The two-headed ogre convulses!
Your body is wracked with pain!
The two-headed ogre hits you with a +0 giant club!
You block the two-headed ogre's attack.
You hit the two-headed ogre.
The two-headed ogre is almost dead.
You puncture the two-headed ogre!
You kill the two-headed ogre!
Menkaure calls on the powers of darkness!
The orc convulses!
Your body is wracked with pain!
Your Long Blades skill increases to level 7!
You puncture the orc!
You kill the orc!
Menkaure casts a spell at you.
You are unaffected.
Menkaure hits you!
* * * LOW HITPOINT WARNING * * *
Menkaure calls on the powers of darkness!
Your body is wracked with pain!
* * * LOW HITPOINT WARNING * * *
Items here: ))) †.
You completely miss Menkaure.
Menkaure is severely damaged.
Menkaure hits you!
* * * LOW HITPOINT WARNING * * *
Okay, then.
You barely miss Menkaure.
Menkaure is severely damaged.
Menkaure hits you!
You die...

..... ...........# #....
#.........# #.... #.....<...#
#.... #.........# #.#.#
##.........# #### #.#.#
#..........# ...# #.#.#
#............ ...#
#.#.#####M............
...######.......@..............
..>##..........###.............
...##.####>....# ########....
...............# ....
...............# ..
###............# #........#####
#........# #...>....#


You could see Menkaure (fast).

Vanquished Creatures
  A two-headed ogre (D:7)
  Pikel (D:9)
  Maggie (D:6)
  An unseen horror (D:9)
  Sigmund (D:4)
  6 yaks (D:6)
  A steam dragon (D:9)
  A water moccasin (D:7)
  2 black bears (D:8)
  2 centaurs
  An ogre (D:5)
  2 phantoms
  A kobold brigand (D:6)
  A bullfrog (D:6)
  2 scorpions
  8 killer bees
  A howler monkey (D:8)
  2 hounds (D:4)
  3 jellies
  6 bombardier beetles
  A gnoll bouda (D:9)
  3 iguanas
  An orc wizard (D:5)
  4 gnolls
  9 adders
  A shadow imp (D:6)
  A white imp (D:5)
  2 ufetubi
  A ribbon worm (D:5)
  A dart slug (D:3)
  3 orcs
  5 ball pythons
  8 bats
  4 endoplasms
  4 goblins
  4 hobgoblins
  15 kobolds
  5 quokkas
  8 frilled lizards
  5 rats
129 creatures vanquished.

Notes
Turn   | Place    | Note
-------+----------+-------------------------------------------
     0 | D:1      | jagang the Human Monk began the quest for the Orb.
     0 | D:1      | Reached XP level 1. HP: 18/18 MP: 1/1
   127 | D:1      | Reached XP level 2. HP: 24/24 MP: 2/2
   250 | D:1      | Reached skill level 1 in Armour
   275 | D:1      | Reached XP level 3. HP: 14/29 MP: 3/3
   676 | D:2      | Found a shimmering altar of Xom.
  1449 | D:3      | Reached skill level 4 in Fighting
  1449 | D:3      | Reached XP level 4. HP: 33/37 MP: 4/4
  1726 | D:3      | Reached skill level 1 in Shields
  1726 | D:3      | Reached XP level 5. HP: 42/43 MP: 5/5
  2247 | D:4      | Noticed Sigmund
  2262 | D:4      | Killed Sigmund
  2263 | D:4      | Reached skill level 1 in Throwing
  2263 | D:4      | Reached XP level 6. HP: 34/50 MP: 6/6
  2401 | D:4      | Reached skill level 5 in Fighting
  2615 | D:4      | Found a blossoming altar of Fedhas.
  2739 | D:4      | Found an opulent altar of Gozag.
  2749 | D:4      | Identified the +11 rapier of Raneasat {protect, rPois Will-
                  | Str+3}
  2844 | D:5      | Entered Level 5 of the Dungeon
  3188 | D:5      | Reached XP level 7. HP: 49/56 MP: 7/7
  3191 | D:5      | Identified a scroll of acquirement
  3197 | D:5      | Acquired the +1 buckler of Card Tricks {rF- Regen+ rCorr
                  | Stlth+}
  3322 | D:5      | Reached skill level 6 in Fighting
  3364 | D:5      | Reached XP level 8. HP: 64/64 MP: 8/8
  3368 | D:5      | Identified the +0 helmet of Faneogyi {rN+}
  3478 | D:5      | Found a sacrificial altar of Ru.
  3989 | D:6      | Reached skill level 5 in Long Blades
  4019 | D:6      | Noticed a yak
  4038 | D:6      | Killed a yak
  4057 | D:6      | Noticed a yak
  4057 | D:6      | Noticed a yak
  4059 | D:6      | Noticed a yak
  4060 | D:6      | Noticed a yak
  4061 | D:6      | Noticed a yak
  4075 | D:6      | Killed a yak
  4079 | D:6      | Killed a yak
  4080 | D:6      | Reached skill level 7 in Fighting
  4081 | D:6      | Killed a yak
  4082 | D:6      | Reached XP level 9. HP: 40/72 MP: 9/9
  4188 | D:6      | Found a staircase to the Ecumenical Temple.
  4232 | Temple   | Entered the Ecumenical Temple
  4252 | Temple   | Became a worshipper of the Shining One
  4252 | Temple   | Reached * piety under the Shining One
  4252 | Temple   | Reached ** piety under the Shining One
  4282 | D:6      | Found a stormy altar of Qazlal.
  4582 | D:7      | Noticed Menkaure
  4582 | D:7      | Noticed a two-headed ogre
  4658 | D:6      | Found Asufod's Assorted Antiques.
  4673 | D:6      | Bought a scroll labelled ARPHACO FUREPN for 23 gold pieces
  4673 | D:6      | Bought a scroll of identify for 46 gold pieces
  4673 | D:6      | Bought a short wooden wand for 92 gold pieces
  4709 | D:6      | Noticed Maggie
  4722 | D:6      | Killed Maggie
  4723 | D:6      | Reached skill level 8 in Fighting
  4723 | D:6      | Reached skill level 5 in Armour
  4743 | D:6      | You fall into a shaft and drop 3 floors!
  4743 | D:9      | Found a radiant altar of Vehumet.
  4769 | D:9      | Noticed an unseen horror
  4787 | D:9      | Killed an unseen horror
  4815 | D:9      | Reached skill level 5 in Throwing
  4825 | D:9      | Noticed Pikel
  4835 | D:9      | Reached skill level 5 in Shields
  4843 | D:9      | Killed Pikel
  4844 | D:9      | Reached XP level 10. HP: 82/82 MP: 10/10
  4855 | D:9      | Reached skill level 9 in Fighting
  4891 | D:8      | Found a bloodstained altar of Trog.
  5052 | D:7      | Killed a two-headed ogre
  5055 | D:7      | HP: 3/83 [Menkaure (14)]
  5056 | D:7      | Mangled by Menkaure

Illustrated notes

Levels and vault maps discovered:
D:1:      dpeg_arrival_three_bigger_balls, layout_basic
D:2:      layout_basic, basic_altar
D:3:      layout_basic
D:4:      layout_cave_pools, fedhas_altar_3, mainiacjoe_overflow_chevrons,
          uniq_sigmund
D:5:      kennysheep_spiral_hall, layout_basic,
          nicolae_ru_great_annihilating_truth
D:6:      layout_basic, mainiacjoe_overflow_boulevard, minmay_temple_entry_grid,
          serial_shops, nicolae_stop_n_shop_1, nicolae_lava_and_water,
          uniq_maggie
D:7:      layout_basic, uniq_menkaure, uniq_jeremiah
D:8:      layout_rooms, trog_ov_bears_minmay, nicolae_overflow_crystal_walls,
          nrook_mini_vaults, nrook_loot_triangle, nicolae_diode_basic,
          uniq_joseph
D:9:      layout_big_octagon, mainiacjoe_overflow_tiny_flanked,
          mainiacjoe_overflow_concentric_impassable, lair_entry_dummy,
          uniq_pikel, uniq_harold, uniq_psyche
Temple:   minmay_temple_bridge_abc

Skill      XL: |  1  2  3  4  5  6  7  8  9 10 |
---------------+-------------------------------+-----
Armour         | 1 2 3 4 5 |  5.9
Fighting       | 4 5 6 7 8 9 |  9.5
Shields        | 1 2 4 5 |  5.6
Long Blades    | 4 5 6 7 |  7.0
Throwing       | 1 2 4 5 |  5.7
Dodging        | |  3.0

Action                     |  1- 3 |  4- 6 |  7- 9 | 10-12 || total
---------------------------+-------+-------+-------+-------++-------
  Melee: Falchion          |    84 |    55 |       |       ||   139
         Rapier            |       |    15 |   206 |    50 ||   271
  Throw: Boomerang         |     8 |     1 |       |       ||     9
         Dart              |       |     5 |    14 |     5 ||    24
         Javelin           |       |       |     5 |       ||     5
         Throwing net      |       |       |     1 |       ||     1
  Evoke: Wand              |       |       |       |     3 ||     3
    Use: Scroll            |       |     1 |    15 |       ||    16
   Stab: Invisible         |       |       |     1 |       ||     1
         Paralysed         |       |       |     1 |       ||     1
 Armour: Robe              |    38 |       |       |       ||    38
         Chain mail        |    23 |    61 |   173 |    56 ||   313
  Dodge: Dodged            |    72 |    28 |    74 |    14 ||   188
  Block: Buckler           |       |       |    80 |    23 ||   103
